 Dungeon Crawl Stone Soup version 0.21-a0-72-gbbb65ab (webtiles) character file.

5413 Kidiri the Skirmisher (level 10, -6/94 HPs)
             Began as a Demonspawn Transmuter on June 20, 2017.
             Was a Follower of Wu Jian.
             Mangled by a six-headed hydra (11 damage)
             ... on level 1 of the Lair of Beasts.
             The game lasted 00:34:00 (10101 turns).

Kidiri the Skirmisher (Demonspawn Transmuter)      Turns: 10101, Time: 00:34:00

Health: -6/94      AC:  6    Str: 16      XL:     10   Next: 40%
Magic:  11/14      EV: 12    Int: 15 (16) God:    Wu Jian [*.....]
Gold:   456        SH:  0    Dex: 11 (12) Spells: 6/19 levels left

rFire    x . .     SeeInvis .     - Unarmed
rCold    + + +     Gourm    .   (shield currently unavailable)
rNeg     + . .     Faith    .   (armour currently unavailable)
rPois    +         Spirit   .   (helmet currently unavailable)
rElec    .         Reflect  .   (cloak currently unavailable)
rCorr    .         Harm     .   (gloves currently unavailable)
MR       .....                  (boots currently unavailable)
Stlth    +++.......             (no amulet)
HPRegen  0.25/turn              u - ring of positive energy
MPRegen  0.14/turn              (no ring)

@: ice-form
A: rugged brown scales 2, clever 1, clumsy 1, demonic guardian 2, deterioration
1, low mp 2, powered by death 1, strong 1
a: End Transformation, Renounce Religion


You were on level 1 of the Lair of Beasts.
You worshipped Wu Jian.
Wu Jian was aware of your devotion.
You were hungry.
You were a creature of crystalline ice.
You visited 3 branches of the dungeon, and saw 10 of its levels.

You collected 456 gold pieces.

Inventory:

Missiles
 a - 183 arrows
Armour
 e - a +2 pair of boots (melded)
 k - a +1 cloak (melded)
 n - a +2 pair of gloves of strength (melded)
 s - a +0 leather armour (melded)
Jewellery
 u - a ring of positive energy (left front paw)
Scrolls
 b - a scroll of teleportation
 i - 3 scrolls of immolation
 m - 4 scrolls of remove curse
 p - a scroll of fog
 y - a scroll of magic mapping
Potions
 h - a potion of invisibility
 l - a potion of magic
 o - 4 potions of agility
 q - 2 potions of might
 r - 2 potions of flight {unknown}
 t - 2 potions of brilliance {unknown}
 w - a potion of cancellation
 x - a potion of ambrosia
Books
 c - a book of Changes

   Spells                             Type                      Level
   a - Beastly Appendage              Transmutation                1
   b - Sticks to Snakes               Transmutation                2
   c - Spider Form                    Transmutation/Poison         3
   d - Ice Form                       Ice/Transmutation            4
   e - Blade Hands                    Transmutation                5
 j - a book of Cantrips

   Spells                             Type                      Level
   a - Confusing Touch                Hexes                        1
   b - Animate Skeleton               Necromancy                   1
   c - Summon Small Mammal            Summoning                    1
   d - Apportation                    Translocation                1
 v - a book of Conjurations

   Spells                             Type                      Level
   a - Magic Dart                     Conjuration                  1
   b - Searing Ray                    Conjuration                  2
   c - Dazzling Spray                 Conjuration/Hexes            3
   d - Fulminant Prism                Conjuration/Hexes            4
   e - Force Lance                    Conjuration/Translocation    4
   f - Iskenderun's Mystic Blast      Conjuration                  4
Comestibles
 d - 4 bread rations
 f - 2 meat rations
 g - a chunk of flesh


   Skills:
 * Level 6.0 Fighting
 * Level 4.9 Armour
 * Level 5.5 Dodging
 * Level 4.5 Stealth
 * Level 5.8 Unarmed Combat
 * Level 5.3 Spellcasting
 * Level 5.2 Transmutations
 + Level 2.9 Ice Magic
 + Level 3.6 Poison Magic


You had 6 spell levels left.
You knew the following spells:

 Your Spells              Type           Power        Failure   Level  Hunger
a - Beastly Appendage     Tmut           ###...       1%          1    None
b - Spider Form           Tmut/Pois      ###.......   8%          3    ###....
c - Ice Form              Ice/Tmut       ###.....     28%         4    ####...
d - Blade Hands           Tmut           ###.......   45%         5    ######.


Dungeon Overview and Level Annotations

Branches:
Dungeon (8/15)             Temple (1/1) D:5            Lair (1/6) D:8

Altars:
Ashenzari
Cheibriados
Dithmenos
Elyvilon
Fedhas
Gozag
Hepliaklqana
Kikubaaqudgha
Makhleb
Nemelex Xobeh
Okawaru
Ru
Sif Muna
Trog
Uskayaw
Vehumet
Wu Jian
Xom
Yredelemnul
Zin
The Shining One


Innate Abilities, Weirdness & Mutations

((You have sharp toenails.))
(You are mostly covered in rugged brown scales. (AC +2, +5% HP))
A demonic guardian rushes to your aid.
You regenerate a little health from kills.
Your mind is acute. (Int +2)
You are clumsy. (Dex -2)
Your body sometimes deteriorates upon taking damage.
Your magical capacity is very low. (-20% MP)
Your muscles are strong. (Str +2)


Message History

Your body deteriorates!
You feel dopey.
The six-headed hydra bites you but does no damage.
The six-headed hydra bites you.
The six-headed hydra closely misses you.
The six-headed hydra bites you!
You pummel the six-headed hydra!! You freeze the six-headed hydra.
The six-headed hydra is moderately wounded.
The six-headed hydra bites you!
Your body deteriorates!
You feel clumsy.
The six-headed hydra barely misses you. x2; The six-headed hydra bites you! x2
The six-headed hydra bites you.
Unknown command.
You punch the six-headed hydra! You freeze the six-headed hydra.
The six-headed hydra is heavily wounded.
The six-headed hydra bites you!
* * * LOW HITPOINT WARNING * * *
The six-headed hydra bites you!
* * * LOW HITPOINT WARNING * * *
The six-headed hydra bites you!
You die...

# # ###### ##
..##P#..### ##.
.....4.!..# ##..
.......D..# ######...
.......Y.P# ###....#..#
........######........##
.#.....#.###..........##
##.#.....#..........###
# #####.............##
#..............##
##.............P#
##...............#
#...............##


You could see a six-headed hydra and a friendly orange demon.

Vanquished Creatures
  A deep elf mage (D:8)
  A spiny frog (Lair:1)
  A hippogriff (Lair:1)
  A hungry ghost (D:8)
  Menkaure (D:6)
  A water moccasin (Lair:1)
  5 porcupines
  4 sky beasts
  A black bear (D:8)
  2 ogres
  A centaur (D:7)
  A crocodile (Lair:1)
  Blork the orc (D:5)
  3 bullfrogs
  2 scorpions
  A crimson imp (D:7)
  A jelly (D:5)
  Crazy Yiuf (D:3)
  3 orc priests
  2 hounds
  4 orc wizards
  2 bullfrog skeletons
  An iguana (D:6)
  5 worker ants
  A killer bee zombie (D:8)
  A hound zombie (D:5)
  4 adders
  A shadow imp (D:8)
  2 worms
  5 dart slugs
  2 leopard geckos
  21 orcs
  A ball python (D:2)
  9 giant cockroaches
  9 goblins
  5 hobgoblins
  17 jackals
  5 quokkas
  6 bats
  7 frilled lizards
  2 gnoll zombies (D:6)
  6 kobolds
  A leopard gecko zombie (D:5)
  A quokka zombie (D:5)
  12 rats
164 creatures vanquished.

Vanquished Creatures (collateral kills)
  Erica (D:8)
  The ghost of Duffy the Cleaver, a journeyman VSGl of Ru (Lair:1)
  Maurice (D:8)
  Grinder (D:3)
  Sigmund (D:5)
  3 porcupines (D:8)
  A black bear (D:8)
  2 ogres
  A centaur (D:6)
  3 bullfrogs (D:8)
  6 killer bees (D:8)
  A howler monkey (D:8)
  3 crimson imps
  A worker ant (D:4)
  A fungus (D:8)
27 creatures vanquished.

Vanquished Creatures (others)
  7 fungi (D:8)
  2 plants (D:8)
9 creatures vanquished.

Grand Total: 200 creatures vanquished

Notes
Turn   | Place    | Note
-------+----------+-------------------------------------------
     0 | D:1      | Kidiri the Demonspawn Transmuter began the quest for the Orb.
     0 | D:1      | Reached XP level 1. HP: 15/15 MP: 3/3
   234 | D:1      | Gained mutation: You are partially covered in rugged brown scales. (AC +1, +3% HP) [demonic ancestry]
   234 | D:1      | Reached XP level 2. HP: 15/21 MP: 3/5
   736 | D:1      | Gained mutation: A weak demonic guardian rushes to your aid. [demonic ancestry]
   736 | D:1      | Reached XP level 3. HP: 26/26 MP: 6/6
   741 | D:1      | Learned a level 3 spell: Spider Form
  1031 | D:2      | Reached skill level 1 in Armour
  1588 | D:2      | Gained mutation: You regenerate a little health from kills. [demonic ancestry]
  1588 | D:2      | Reached XP level 4. HP: 33/33 MP: 3/7
  2273 | D:3      | Noticed Grinder
  2426 | D:3      | Found an ancient bone altar of Kikubaaqudgha.
  2646 | D:3      | Found a deep blue altar of Sif Muna.
  3118 | D:3      | Found a runed door.
  3477 | D:3      | Noticed Crazy Yiuf
  3481 | D:3      | Killed Crazy Yiuf
  3481 | D:3      | Reached skill level 2 in Fighting
  3481 | D:3      | Reached skill level 1 in Stealth
  3576 | D:3      | Killed Grinder
  3576 | D:3      | Reached skill level 1 in Poison Magic
  3576 | D:3      | Reached XP level 5. HP: 5/40 MP: 5/9
  3576 | D:3      | Gained mutation: A demonic guardian rushes to your aid. [demonic ancestry]
  3576 | D:3      | Reached XP level 6. HP: 6/47 MP: 5/10
  3951 | D:3      | Learned a level 4 spell: Ice Form
  4143 | D:4      | Noticed a moth of wrath
  4178 | D:4      | Reached skill level 3 in Fighting
  4441 | D:4      | Gained mutation: You are mostly covered in rugged brown scales. (AC +2, +5% HP) [demonic ancestry]
  4441 | D:4      | Reached XP level 7. HP: 42/54 MP: 5/11
  4534 | D:4      | Found a bloodstained altar of Trog.
  4685 | D:5      | Entered Level 5 of the Dungeon
  4725 | D:5      | Noticed Blork the orc
  4738 | D:5      | Noticed Sigmund
  4740 | D:5      | Killed Blork the orc
  4745 | D:5      | Killed Sigmund
  4873 | D:5      | Found a snail-covered altar of Cheibriados.
  5000 | D:5      | Found a staircase to the Ecumenical Temple.
  5014 | Temple   | Entered the Ecumenical Temple
  5491 | D:5      | Found an iron altar of Okawaru.
  5735 | D:5      | Found a hide-covered altar of Uskayaw.
  5735 | D:5      | Found a shattered altar of Ashenzari.
  5829 | D:5      | Learned a level 5 spell: Blade Hands
  5853 | D:6      | Reached skill level 1 in Ice Magic
  5893 | D:6      | Gained mutation: You have sharp toenails. [demonic ancestry]
  5893 | D:6      | Reached XP level 8. HP: 39/63 MP: 4/13
  6054 | D:6      | Found a burning altar of Makhleb.
  6196 | D:6      | Noticed Menkaure
  6207 | D:6      | Killed Menkaure
  6238 | D:6      | Found a basalt altar of Yredelemnul.
  6433 | D:7      | Reached skill level 4 in Fighting
  6437 | D:7      | Gained mutation: Your magical capacity is low. (-10% MP) [mutagenic meat]
  6438 | D:7      | Gained mutation: Your magical capacity is very low. (-20% MP) [mutagenic meat]
  6439 | D:7      | Gained mutation: You are clumsy. (Dex -2) [mutagenic meat]
  7641 | D:8      | Found an ornate altar of the Wu Jian Council.
  7649 | D:8      | Became a worshipper of the Wu Jian Council
  7764 | D:8      | Reached XP level 9. HP: 43/69 MP: 9/12
  7772 | D:8      | Found a staircase to the Lair.
  7776 | D:8      | Reached skill level 5 in Unarmed Combat
  7788 | D:8      | Reached skill level 5 in Fighting
  7832 | D:8      | Noticed Maurice
  7844 | D:8      | Killed Maurice
  7884 | D:8      | Noticed Erica
  7969 | D:8      | Killed Erica
  7970 | D:8      | Reached * piety under Wu Jian
  8146 | D:8      | Gained mutation: Your muscles are strong. (Str +2) [mutagenic meat]
  8147 | D:8      | Gained mutation: Your body sometimes deteriorates upon taking damage. [mutagenic meat]
  8148 | D:8      | Gained mutation: Your mind is acute. (Int +2) [mutagenic meat]
  8271 | D:8      | Noticed a deep elf mage
  8310 | D:8      | HP: 1/71 [something/bolt of lightning (26)]
  8316 | D:8      | Killed a deep elf mage
  8316 | D:8      | Reached skill level 5 in Dodging
  8316 | D:8      | Reached skill level 5 in Spellcasting
  8659 | D:8      | Found a blossoming altar of Fedhas.
  8693 | D:8      | Found a shadowy altar of Dithmenos.
  8777 | D:8      | Reached XP level 10. HP: 25/79 MP: 11/14
  9132 | Lair:1   | Entered Level 1 of the Lair of Beasts
  9140 | Lair:1   | Reached skill level 5 in Transmutations
  9462 | Lair:1   | Noticed Duffy's ghost (journeyman VSGl)
  9466 | Lair:1   | Killed Duffy's ghost
  9590 | Lair:1   | Noticed a spiny frog
  9597 | Lair:1   | Killed a spiny frog
  9899 | Lair:1   | Reached skill level 6 in Fighting
 10076 | Lair:1   | Noticed a six-headed hydra
 10101 | Lair:1   | Mangled by a six-headed hydra

Vault maps used:
D:1:      matt_arrival_grand_opening, serial_glass, glass_columns_a,
          glass_columns_a
D:2:      serial_glass, glass_columns_a, glass_columns_a, serial_bayou_pond_b
D:3:      old_standard_altar, old_standard_altar, uniq_crazy_yiuf_cottage,
          uniq_grinder
D:4:      tgw_trog
D:5:      nicolae_overflow_hidden_temple, amethyst_overflow_temple_binary,
          minmay_temple_entry_overgrown, first_bread, cheibriados_altar_1,
          uniq_sigmund, uniq_blork_the_orc
D:6:      lemuel_zombie_altar_yredelemnul, basic_altar, uniq_menkaure
D:8:      nicolae_dithmenos_the_darkroom, fedhas_altar_2,
          nicolae_overflow_crystal_walls, due_lair_maze_entry_diamond,
          uniq_maurice, uniq_erica
Temple:   jpeg_temple_alley_garden
Lair:1:   st_stairs_13, infiniplex_staircase_pool, lemuel_fruit_fields

Skill      XL: |  1  2  3  4  5  6  7  8  9 10 |
---------------+-------------------------------+-----
Dodging        | 2 3 4 5 |  5.5
Unarmed Combat | 3 4 5 |  5.8
Armour         | 1 2 3 4 |  4.9
Transmutations | 2 3 4 5 |  5.2
Fighting       | 2 3 4 5 6 |  6.0
Stealth        | 1 2 3 4 |  4.5
Poison Magic   | 1 2 3 |  3.6
Spellcasting   | 3 4 5 |  5.3
Ice Magic      | 1 2 |  2.9

Action                   |  1- 3 |  4- 6 |  7- 9 | 10-12 || total
-------------------------+-------+-------+-------+-------++-------
Melee: Unarmed           |   161 |   119 |   308 |    58 ||   646
       Headbutt          |    10 |    13 |    15 |       ||    38
       Punch             |     1 |     1 |     3 |       ||     5
 Cast: Beastly Appendage |    22 |    15 |     9 |       ||    46
       Spider Form       |     4 |     8 |    31 |     3 ||    46
       Ice Form          |       |       |       |     6 ||     6
       Blade Hands       |       |       |       |     1 ||     1
  Use: Scroll            |       |     6 |    11 |     2 ||    19
       Potion            |       |       |     3 |       ||     3
 Stab: Sleeping          |     2 |       |       |     2 ||     4
       Distracted        |       |     1 |       |       ||     1
  Eat: Chunk             |     4 |     6 |    14 |       ||    24
       Royal jelly       |       |     2 |     3 |       ||     5
       Bread ration      |       |       |     1 |       ||     1
       Fruit             |       |       |     4 |     3 ||     7
Armor: Robe              |    59 |    20 |       |       ||    79
       Leather armour    |       |       |    32 |     6 ||    38
       Skin              |       |       |     5 |     6 ||    11
Dodge: Dodged            |   110 |    66 |   243 |    46 ||   465
